 Dungeon Crawl Stone Soup version 0.32-a0-799-g95e1662365 (webtiles) character file.

Game seed: 14237797011087130571

326 ezpacito the Trooper (level 6, -2/48 HPs)
             Began as a Coglin Chaos Knight on Mar 21, 2024.
             Was a Plaything of Xom.
             Splashed by a jelly's acid (10 damage)
             ... on level 5 of the Dungeon.
             The game lasted 00:04:14 (3567 turns).

ezpacito the Trooper (Coglin Chaos Knight)          Turns: 3567, Time: 00:04:15

Health: -2/48      AC: -3    Str: 15    XL:     6   Next: 49%
Magic:  8/8        EV:  6    Int: 11    God:    Xom [....*.]
Gold:   133        SH:  0    Dex: 13    Spells: 7/7 levels left

rFire   . . .        a - +0 hand axe (chaos) {Francisco}
rCold   . . .        z - +0 spear {Noor}
rNeg    . . .        y - +0 chain mail
rPois   .            o - +0 helmet
rElec   .            l - +0 cloak
rCorr   .            b - +0 pair of gloves
SInv    .            (no boots)
Will    .....        (amulet unavailable) Stlth
                     (ring unavailable)
HPRegen 0.28/turn    (ring unavailable)
MPRegen 0.11/turn    (no gizmo)

%: no passive effects
@: weak-willed, corroded, revved
A: off-hand wielding, slow wielding, warmup strikes, no jewellery
a: Invent Gizmo, Renounce Religion


You were on level 5 of the Dungeon.
You worshipped Xom.
You were a beloved toy of Xom.
You visited 2 branches of the dungeon, and saw 6 of its levels.

You collected 133 gold pieces.

Inventory:

Hand Weapons
 a - a +0 hand axe of chaos (weapon) {Francisco}
 k - a +1 war axe
 z - a +0 spear (offhand) {Noor}
Missiles
 i - 6 poisoned darts (quivered)
Armour
 b - a +0 pair of gloves (worn)
 l - a +0 cloak (worn)
 o - a +0 helmet (worn)
 y - a +0 chain mail (worn)
 A - a +0 plate armour
Talismans
 u - a flux talisman
Wands
 w - a wand of quicksilver (9)
Scrolls
 c - a scroll of butterflies
 e - a scroll of amnesia {unknown}
 h - 2 scrolls of enchant weapon
 n - a scroll of identify {unknown}
 q - a scroll of poison {unknown}
 s - 2 scrolls of vulnerability
 t - a scroll of teleportation
 B - a scroll of blinking
Potions
 d - a potion of might
 f - a potion of resistance {unknown}
 g - 2 potions of heal wounds {unknown}
 j - a potion of cancellation {unknown}
 m - a potion of brilliance {unknown}
 r - a potion of invisibility {unknown}
 v - 2 potions of haste {unknown}
 x - a potion of mutation {unknown}


   Skills:
 * Level 3.9 Fighting
 * Level 3.8(4.1) Axes
 + Level 1.6(2.8) Polearms
 * Level 2.9 Armour
 * Level 2.4 Dodging
 + Level 1.4 Stealth
 + Level 1.3 Spellcasting


You had 7 spell levels left.
You didn't know any spells.
Your spell library contained the following spells:

 Spells                   Type           Power      Damage    Failure   Level
 Tukima's Dance           Hex            0%         N/A       100%        3
 Passage of Golubria      Tloc           0%         N/A       100%        4
 Yara's Violent Unravell  Hex/Alch       0%         3d3       100%        5


Dungeon Overview and Level Annotations

Branches:
Dungeon (5/15)             Temple (1/1) D:4

Altars:
Ashenzari
Cheibriados
Elyvilon
Fedhas
Gozag
Hepliaklqana
Kikubaaqudgha
Makhleb
Nemelex Xobeh
Okawaru
Qazlal
Ru
Sif Muna
Uskayaw
Vehumet
Wu Jian
Xom
Yredelemnul
Zin
The Shining One


Innate Abilities, Weirdness & Mutations

You can wield a second weapon in your off-hand.
It takes a long time for you to wield or remove held weapons.
Your first few attacks do less damage.
You cannot equip rings or amulets.


Message History

The jelly is moderately wounded.
You hit the jelly with your +0 spear.
Your graspers burn!
The jelly hits you but does no damage.
You take 4 damage, and have 44/48 hp.
You barely miss the jelly with your +0 spear.
The jelly is moderately wounded.
You hit the jelly with your +0 hand axe of chaos.
Your graspers burn!
The jelly hits you but does no damage.
You take 2 damage, and have 42/48 hp.
You hit the jelly with your +0 spear. The acid corrodes you!
Your graspers burn!
The jelly is heavily wounded.
You hit the jelly with your +0 hand axe of chaos.
Your graspers burn!
The jelly hits you but does no damage. x2
You take 5 damage, and have 37/48 hp.
You hit the jelly but do no damage. The acid corrodes you!
Your graspers burn!
The jelly is severely wounded.
You hit the jelly with your +0 spear. The acid corrodes you!
Your graspers burn!
The jelly hits you.
You are splashed with acid!
You take 16 damage, and have 21/48 hp.
MASSIVE DAMAGE!!
You are too injured to fight recklessly!
You are too injured to fight recklessly!
You are too injured to fight recklessly!
You hit the jelly but do no damage.
Your graspers burn!
The jelly is severely wounded.
You hit the jelly but do no damage.
Your graspers burn!
The jelly closely misses you.
You take 5 damage, and have 16/48 hp.
You hit the jelly but do no damage.
The jelly seems to grow stronger.
Your graspers burn!
* * * LOW HITPOINT WARNING * * *
The jelly is severely wounded.
You hit the jelly but do no damage. The acid corrodes you!
Your graspers burn!
* * * LOW HITPOINT WARNING * * *
Your hearing returns.
The jelly hits you.
* * * LOW HITPOINT WARNING * * *
The acid corrodes you!
You are splashed with acid!
You die...
Xom is highly amused!

. .. #. ... #.# #.#
..##.## .>... ... ...#
#.# #J!# #.# #@.# #..
## ####..#########.# #<
#...............# #.
#.####..##[.......# #O
#...........###.#.# #.
#.......##..# #...####.
#.#####.###.###........
# #.# #.....#.#####
..#####.###.#


You could see a jelly (strong, very drained).

Vanquished Creatures
  Crazy Yiuf (D:2)
  Natasha (thrice) (D:2)
  2 orc wizards (D:3)
  7 adders
  4 ribbon worms
  3 orcs
  11 bats
  A bat zombie (D:3)
  9 endoplasms
  7 giant cockroaches
  9 goblins
  9 hobgoblins
  3 jackals (D:2)
  10 kobolds
  3 quokkas
  7 ball pythons
  2 frilled lizards
  2 rats (D:2)
93 creatures vanquished.

Vanquished Creatures (collateral kills)
  A ball python (D:2)
  2 bats (D:3)
  A giant cockroach (D:3)
4 creatures vanquished.

Vanquished Creatures (others)
  A bat zombie (D:3)
  A ball python zombie (D:2)
2 creatures vanquished.

Grand Total: 99 creatures vanquished

Notes
Turn   | Place    | Note
-------+----------+-------------------------------------------
     0 | D:1      | ezpacito the Coglin Chaos Knight began the quest for the
                  | Orb.
     0 | D:1      | Reached XP level 1. HP: 18/18 MP: 1/1
    64 | D:1      | Reached skill level 1 in Dodging
   106 | D:1      | XOM: silly message
   108 | D:1      | Reached XP level 2. HP: 24/24 MP: 2/2
   386 | D:1      | XOM: divination: detect creatures
   715 | D:2      | Reached XP level 3. HP: 27/29 MP: 3/3
   748 | D:2      | XOM: snakes to sticks
   818 | D:2      | XOM: noise
   820 | D:2      | Found a faded altar of an unknown god.
   888 | D:2      | XOM: noise
   971 | D:2      | Reached skill level 1 in Polearms
   971 | D:2      | Reached XP level 4. HP: 30/35 MP: 4/4
  1226 | D:2      | Noticed Natasha
  1233 | D:2      | Killed Natasha
  1234 | D:2      | Reached skill level 1 in Stealth
  1352 | D:2      | Found a runed translucent door.
  1353 | D:2      | Noticed Crazy Yiuf
  1383 | D:2      | Noticed Natasha
  1385 | D:2      | XOM: potion effect (berserk rage)
  1389 | D:2      | XOM: divination: detect items
  1390 | D:2      | Killed Natasha
  1391 | D:2      | Reached skill level 1 in Spellcasting
  1391 | D:2      | Reached XP level 5. HP: 41/41 MP: 6/6
  1466 | D:2      | Noticed Natasha
  1480 | D:2      | Killed Natasha
  1496 | D:2      | XOM: scenery: create altars
  1559 | D:2      | XOM: scenery: 1 doors close
  1635 | D:2      | HP: 2/41 [Crazy Yiuf/+4 quarterstaff of chaos (1)]
  1638 | D:2      | Killed Crazy Yiuf
  1903 | D:3      | XOM: cast spell 'Alistair's Intoxication'
  1912 | D:3      | XOM: god gift: flux talisman
  1919 | D:3      | Reached XP level 6. HP: 43/48 MP: 7/7
  2320 | D:3      | XOM: cloud trail
  2517 | D:3      | Found a glowing golden altar of the Shining One.
  2615 | D:3      | XOM: silly message
  2828 | D:4      | Found a staircase to the Ecumenical Temple.
  2839 | Temple   | Entered the Ecumenical Temple
  3256 | D:4      | XOM: cloud trail
  3393 | D:5      | Entered Level 5 of the Dungeon
  3567 | D:5      | Splashed by a jelly's acid

Illustrated notes

Levels and vault maps discovered:
D:1:      heliophobic_arrival_dark_side_of_the_moon, layout_loops_ring,
          nicolae_houndstooth_variations
D:2:      minmay_spotlight, layout_basic, ebering_ecumenical_altar_box,
          uniq_natasha, uniq_crazy_yiuf_cottage
D:3:      layout_basic, tso_oasis_becter, roderic_batcave,
          nicolae_concentric_dashed_squares_mild
D:4:      layout_basic, minmay_temple_entry_gardened_gates, serial_forest,
          infiniplex_forest_lined_2, infiniplex_forest_clump_small,
          infiniplex_forest_clump_long, infiniplex_forest_fountain,
          infiniplex_forest_join, infiniplex_forest_clump_small,
          infiniplex_forest_lined_4_way, infiniplex_forest_straight_2,
          hex_intersection
D:5:      layout_loops_ring, st_stairs_11, hangedman_decor_push,
          serial_bayou_pond_e, grunt_ministairs_10, bh_walls_and_bars,
          uniq_edmund
Temple:   hellmonk_temple_of_storms

Skill      XL: |  1  2  3  4 |
---------------+-------------+-----
Dodging        | 1 2 |  2.4
Armour         | 2 |  2.9
Polearms       | 1 |  1.6
Stealth        | 1 |  1.4
Spellcasting   | 1 |  1.3
Fighting       | |  3.9
Axes           | |  3.8

Action                     |  1- 3 |  4- 6 || total
---------------------------+-------+-------++-------
  Melee: Hand axe          |    90 |   135 ||   225
         Dagger            |    81 |   105 ||   186
         Spear             |       |    36 ||    36
    Use: Potion            |       |     1 ||     1
         Scroll            |       |     5 ||     5
   Stab: Sleeping          |     1 |     1 ||     2
         Paralysed         |       |     3 ||     3
 Armour: Leather armour    |    69 |    65 ||   134
         Chain mail        |       |    15 ||    15
  Dodge: Dodged            |    63 |    82 ||   145

Table legend: (Time is in decaauts)
 A = Elapsed time spent in this place.
 B = Non-inter-level travel time spent in this place.
 C = Inter-level travel time spent in this place.
 D = Time resting spent in this place.
 E = Time spent auto-exploring this place.
 F = Levels seen in this place.
 G = Mean time per level.
                   A        B        C        D        E       F      G
               +--------+--------+--------+--------+--------+-----+--------+
         Total |   3598 |   3225 |    373 |    131 |   2437 |   6 |  599.7 |
       Dungeon |   3596 |   3224 |    372 |    131 |   2437 |   5 |  719.2 |
        Temple |      1 |      1 |      0 |      0 |      0 |   1 |    1.0 |
               +--------+--------+--------+--------+--------+-----+--------+

Top non-repeatable levels by time:
     D:2: 1154 daAuts
     D:3: 865 daAuts
     D:4: 829 daAuts
     D:1: 706 daAuts
     D:5: 40 daAuts
  Temple: 1 daAuts
